 Dungeon Crawl Stone Soup version 0.18-a0-1773-gec4f98e (webtiles) character file.

9096 Ijustatesigmund the Grappler (level 11, -3/109 HPs)
             Began as a Troll Hunter on Apr 14, 2016.
             Was a High Priest of Okawaru.
             Slain by a killer bee (10 damage)
             ... on level 10 of the Dungeon.
             The game lasted 00:25:00 (8268 turns).

Ijustatesigmund the Grappler (Troll Hunter)         Turns: 8268, Time: 00:25:01

Health: -3/109     AC:  7    Str: 25    XL:     11   Next: 18%
Magic:  12/12      EV: 11    Int:  7    God:    Okawaru [*****.]
Gold:   639        SH:  2    Dex: 16    Spells: 1 memorised, 8 levels left

rFire  + . .     SeeInvis .       - Unarmed
rCold  . . .     Gourm    +     b - +0 robe
rNeg   + . .     Faith    .     (no shield)
rPois  .         Spirit   .     V - +0 hat of the Last Tales {rN+ Str+3 Dex+3}
rElec  .         Dismiss  .     t - +1 cloak
rCorr  .         Reflect  +     (gloves unavailable)
SustAt .         Harm     .     (boots unavailable)
MR     .....                    H - +2 amulet of reflection
Stlth  +++.......               B - ring of protection from fire
                                e - ring of stealth

@: not resistant to hostile enchantments, fairly stealthy
A: unfitting armour, claws 3, fast metabolism 3, gourmand, regeneration 2,
shaggy fur 1, tough skin 2, wild magic 1
a: Heroism, Finesse, Renounce Religion


You were on level 10 of the Dungeon.
You worshipped Okawaru.
Okawaru was extremely pleased with you.
You were very hungry.

You visited 1 branch of the dungeon, and saw 10 of its levels.
You also visited: Ossuary and Bailey.

You collected 639 gold pieces.

Inventory:

Hand Weapons
 K - a +0 giant spiked club
Missiles
 c - 5 large rocks (quivered)
 d - 2 throwing nets
Armour
 b - a +0 robe (worn)
 t - a +1 cloak (worn)
 P - a +2 shield of protection
 V - the +0 hat of the Last Tales (worn) {rN+ Str+3 Dex+3}
   (Okawaru gifted it to you on level 10 of the Dungeon)

   It affects your strength (+3).
   It affects your dexterity (+3).
   It protects you from negative energy.
Jewellery
 e - a ring of stealth (left claw)
 n - an uncursed ring of stealth
 p - a +4 ring of intelligence
 q - an uncursed amulet of rage
 v - an uncursed amulet of guardian spirit
 B - a ring of protection from fire (right claw)
 H - a +2 amulet of reflection (around neck)
 I - an uncursed ring of magical power
 N - a +5 ring of strength
 X - an uncursed ring of protection from magic
 Z - an uncursed ring of flight
Wands
 D - a wand of lightning (12/15)
 G - a wand of iceblast (9/15)
 Y - a wand of lightning (5/15)
Scrolls
 i - 9 scrolls of teleportation
 m - 8 scrolls of remove curse
 J - 2 scrolls of amnesia
 Q - 2 scrolls of identify
 R - a scroll of magic mapping
Potions
 a - a potion of berserk rage
 j - 6 potions of flight
 l - 3 potions of curing
 o - a potion of haste
 r - 4 potions of brilliance
 s - a potion of lignification
 u - 3 potions of might
 w - 3 potions of agility
 x - a potion of cure mutation
 z - 2 potions of magic
 E - a potion of mutation
 T - a potion of ambrosia
Books
 C - a book of Maledictions

   Spells                             Type                      Level
   a - Corona                         Hexes                        1
   b - Ensorcelled Hibernation        Hexes/Ice                    2
   c - Confuse                        Hexes                        3
   d - Tukima's Dance                 Hexes                        3
   e - Dazzling Spray                 Conjuration/Hexes            3
 O - a book of Burglary

   Spells                             Type                      Level
   a - Swiftness                      Charms/Air                   2
   b - Passwall                       Transmutation/Earth          2
   c - Passage of Golubria            Translocation                4
   d - Lee's Rapid Deconstruction     Earth                        5
   e - Darkness                       Hexes                        6
   f - Invisibility                   Hexes                        6
 U - a book of Clouds

   Spells                             Type                      Level
   a - Mephitic Cloud                 Conjuration/Poison/Air       3
   b - Conjure Flame                  Conjuration/Fire             3
   c - Poisonous Cloud                Conjuration/Poison/Air       6
   d - Freezing Cloud                 Conjuration/Ice/Air          6
   e - Ring of Flames                 Charms/Fire                  7
Comestibles
 f - 11 bread rations
 g - 4 beef jerkies
 h - 2 slices of pizza
 k - 8 meat rations
 F - 4 royal jellies


   Skills:
 + Level 7.3 Fighting
 + Level 8.0 Throwing
 - Level 3.4 Dodging
 - Level 0.4 Stealth
 - Level 11.9 Unarmed Combat
 - Level 3.0 Invocations


You had 8 spell levels left.
You knew the following spells:

 Your Spells              Type           Power        Failure   Level  Hunger
a - Swiftness             Chrm/Air       #.......     80%         2    ###....


Dungeon Overview and Level Annotations

Branches:
Dungeon (10/15)            Temple (0/1) D:4
   Lair: D:8-11         Orc: D:9-12

Altars:
Dithmenos
Okawaru
Pakellas
Sif Muna
Vehumet
Xom
Zin
The Shining One

Shops:
D:7 *


Innate Abilities, Weirdness & Mutations

You are too large for most types of armour.
You have claws for hands.
Your metabolism is lightning-fast.
You like to eat raw meat.
You heal very quickly.
You are covered in fur (AC +1).
You have very tough skin (AC +2).
Your spells are a little harder to cast, but a little more powerful.


Message History

The killer bee is moderately wounded.
The killer bee stings you but does no damage.
You closely miss the killer bee. Your claw misses the killer bee.
The killer bee is moderately wounded.
The killer bee stings you.
* * * LOW HITPOINT WARNING * * *
The killer bee stings you but does no damage.
You scratch the killer bee but do no damage.
The killer bee is moderately wounded.
The killer bee misses you.
You closely miss the killer bee.
The killer bee is moderately wounded.
The killer bee barely misses you. The killer bee closely misses you.
You claw the killer bee!
The killer bee is almost dead.
The killer bee barely misses you.
You barely miss the killer bee.
The killer bee is almost dead.
The killer bee stings you!
You die...

#...#...# .##
#.#.###.### . #.#.#
#...## #####.# ###.#
#.#..###.....#
....#...##...'.#####
#####.########.#...
... #.#†# ###.# #
### #.y†#.(...# #
###@.....# #
#.....<.# #
#...$$..# #
#.......# #
#.......# #
....<...# #
#.........
#.......##


You could see a killer bee.

Vanquished Creatures
  Erica (D:9)
  An unseen horror (D:10)
  A hill giant (D:8)
  A slime creature (D:7)
  Sigmund (D:4)
  11 yaks
  A wyvern (D:10)
  A hippogriff (D:8)
  A hungry ghost (D:10)
  A water moccasin (D:10)
  Edmund (D:4)
  4 orc warriors (Bailey)
  4 sky beasts
  6 ice beasts (D:9)
  The ghost of ThereIsNoGod the Skirmisher, an amateur MiFi of Qazlal (D:3)
  2 phantoms
  3 centaurs
  3 big kobolds
  An elf zombie (Ossuary)
  2 giant frogs
  4 scorpions
  5 killer bees (D:10)
  2 spriggan skeletons (D:10)
  5 howler monkeys
  A troll skeleton (D:10)
  3 electric eels (D:9)
  A crimson imp (D:6)
  A centaur zombie (Ossuary)
  5 jellies (D:7)
  5 orc priests
  3 hounds
  6 orc wizards
  4 centaur skeletons (D:10)
  A gnoll shaman (D:4)
  4 iguanas
  11 worker ants
  A big kobold zombie (Ossuary)
  A hound skeleton (D:8)
  2 mummies (Ossuary)
  A worker ant zombie (D:9)
  10 gnolls
  10 adders
  A howler monkey skeleton (D:8)
  2 shadow imps
  15 oozes
  3 adder zombies
  A worm (D:4)
  3 dart slugs
  4 giant geckos
  30 orcs
  3 giant cockroaches
  5 goblins
  8 hobgoblins
  11 jackals
  6 quokkas
  2 bats (D:3)
  3 giant newts
  2 goblin zombies (Ossuary)
  11 hobgoblin zombies (Ossuary)
  A jackal zombie (Ossuary)
  21 kobolds
  10 kobold zombies (Ossuary)
  7 orc zombies (Ossuary)
  8 rats
  A rat zombie (Ossuary)
291 creatures vanquished.

Vanquished Creatures (others)
  5 fungi (D:7)
5 creatures vanquished.

Grand Total: 296 creatures vanquished

Notes
Turn   | Place    | Note
--------------------------------------------------------------
     0 | D:1      | Ijustatesigmund the Troll Hunter began the quest for the Orb.
     0 | D:1      | Reached XP level 1. HP: 19/19 MP: 0/0
   163 | D:1      | Reached skill level 1 in Unarmed Combat
   496 | D:1      | Reached XP level 2. HP: 25/27 MP: 1/1
   650 | D:1      | Reached skill level 2 in Unarmed Combat
   658 | D:2      | Found a deep blue altar of Sif Muna.
   754 | D:2      | Reached XP level 3. HP: 33/33 MP: 2/2
   871 | D:2      | Reached skill level 3 in Unarmed Combat
  1077 | D:2      | Found an iron altar of Okawaru.
  1083 | D:2      | Became a worshipper of Warmaster Okawaru
  1445 | D:3      | Reached XP level 4. HP: 36/41 MP: 3/3
  1516 | D:3      | Noticed ThereIsNoGod's ghost (amateur MiFi)
  1534 | D:3      | Killed ThereIsNoGod's ghost
  1534 | D:3      | Reached skill level 5 in Unarmed Combat
  1534 | D:3      | Reached XP level 5. HP: 6/48 MP: 4/4
  2050 | D:4      | Reached * piety under Okawaru
  2087 | D:4      | Reached XP level 6. HP: 48/55 MP: 5/5
  2144 | D:4      | Reached skill level 6 in Unarmed Combat
  2293 | D:4      | Noticed Edmund
  2318 | D:4      | Killed Edmund
  2367 | D:4      | Found a staircase to the Ecumenical Temple.
  2397 | D:4      | Reached skill level 7 in Unarmed Combat
  2401 | D:4      | Noticed Sigmund
  2405 | D:4      | Killed Sigmund
  2405 | D:4      | Reached ** piety under Okawaru
  2405 | D:4      | Reached XP level 7. HP: 51/62 MP: 6/6
  2511 | D:4      | Found an oddly glowing altar of Pakellas.
  2643 | D:4      | Reached skill level 8 in Unarmed Combat
  2940 | D:5      | Entered Level 5 of the Dungeon
  3011 | D:5      | Reached skill level 9 in Unarmed Combat
  3278 | D:5      | Reached XP level 8. HP: 55/70 MP: 7/7
  3648 | D:6      | Found a sand-covered staircase.
  3652 | Ossuary  | Entered an ossuary
  3836 | Ossuary  | Reached *** piety under Okawaru
  3836 | Ossuary  | Reached skill level 10 in Unarmed Combat
  3992 | D:6      | Found a shimmering altar of Xom.
  3993 | D:6      | Found a shimmering altar of Xom.
  3994 | D:6      | Found a shimmering altar of Xom.
  3994 | D:6      | Found a shimmering altar of Xom.
  3995 | D:6      | Found a shimmering altar of Xom.
  4483 | D:6      | Found a glowing golden altar of the Shining One.
  4531 | D:7      | Reached skill level 11 in Unarmed Combat
  4578 | D:7      | Noticed a slime creature
  4595 | D:7      | Killed a slime creature
  4595 | D:7      | Reached **** piety under Okawaru
  4595 | D:7      | Reached XP level 9. HP: 37/76 MP: 6/8
  4783 | D:7      | Found Lixt's Assorted Antiques.
  4812 | D:7      | Found a flagged portal.
  4823 | Bailey   | Entered a bailey
  4894 | Bailey   | Reached skill level 1 in Invocations
  4920 | Bailey   | Found an iron altar of Okawaru.
  4932 | Bailey   | Learned a level 2 spell: Swiftness
  5262 | D:8      | Noticed a hill giant
  5267 | D:8      | Killed a hill giant
  5350 | D:8      | Found a glowing silver altar of Zin.
  5350 | D:8      | Found a radiant altar of Vehumet.
  5351 | D:8      | Found a shadowy altar of Dithmenos.
  6002 | D:9      | Noticed Erica
  6012 | D:9      | Gained mutation: You are clumsy. (Dex -2) [potion of mutation]
  6012 | D:9      | Gained mutation: Your body sometimes deteriorates upon taking damage. [potion of mutation]
  6012 | D:9      | Gained mutation: Your spells are a little harder to cast, but a little more powerful. [potion of mutation]
  6128 | D:9      | Lost mutation: Your body sometimes deteriorates upon taking damage. [potion of cure mutation]
  6128 | D:9      | Lost mutation: You are clumsy. (Dex -2) [potion of cure mutation]
  6339 | D:9      | Reached XP level 10. HP: 49/92 MP: 11/11
  6348 | D:9      | Killed Erica
  6348 | D:9      | Reached ***** piety under Okawaru
  6348 | D:9      | Reached skill level 5 in Throwing
  6477 | D:9      | Reached skill level 5 in Fighting
  7384 | D:10     | Entered Level 10 of the Dungeon
  7631 | D:10     | Received a gift from Okawaru
  7641 | D:10     | Got a smoking hat {god gift}
  7652 | D:10     | Identified the +0 hat of the Last Tales {rN+ Str+3 Dex+3} (Okawaru gifted it to you on level 10 of the Dungeon)
  7751 | D:10     | Reached XP level 11. HP: 33/107 MP: 12/12
  7758 | D:10     | HP: 2/163 [water moccasin (9)]
  7763 | D:10     | HP: 1/109 [poisoned by a water moccasin]
  8098 | D:10     | Killed an unseen horror
  8264 | D:10     | HP: 5/109 [killer bee (4)]
  8268 | D:10     | Slain by a killer bee

Vault maps used:
D:1:      dpeg_arrival_court, minmay_misc_feat_pillars, supply_closet_lemuel
D:2:      nicolae_overflow_crystal_walls, okawaru_gym_becter
D:3:      kennysheep_pointless_box
D:4:      temple_doors_e, first_bread, st_stairs_7, nrook_loot_triangle,
          grunt_pakellas_sulfur, uniq_sigmund, uniq_edmund
D:6:      kennysheep_mini_moat, xom_redecorated, enter_ossuary_5
D:7:      lemuel_slime, enter_bailey_3, serial_shops, shop
D:8:      gammafunk_temple_overflow_claw
D:9:      minmay_twisted_water, uniq_erica
D:10:     hangedman_tell_no_tales, hangedman_corner_corridor
Ossuary:  ossuary_tomb_1
Bailey:   bailey_axe_3, bailey

Skill      XL: |  1  2  3  4  5  6  7  8  9 10 11 |
---------------+----------------------------------+-----
Unarmed Combat | 1 2 3 5 7 9 11 | 11.9
Dodging        | 3 |  3.4
Invocations    | 3 |  3.0
Fighting       | 4 6 7 |  7.3
Throwing       | 4 7 8 |  8.0
Stealth        | |  0.4

Action                   |  1- 3 |  4- 6 |  7- 9 | 10-12 || total
-------------------------+-------+-------+-------+-------++-------
Melee: Unarmed           |    92 |   101 |   401 |   258 ||   852
       Punch             |       |     1 |    12 |    22 ||    35
Throw: Large rock        |       |     9 |     2 |     2 ||    13
Invok: Heroism           |       |       |     4 |     1 ||     5
 Abil: Evoke Berserk Rag |       |     1 |       |       ||     1
Evoke: Wand              |       |       |     3 |       ||     3
  Use: Scroll            |       |    11 |     8 |     8 ||    27
       Potion            |       |       |     4 |     5 ||     9
 Stab: Sleeping          |     6 |     7 |    15 |       ||    28
       Distracted        |       |       |     1 |       ||     1
  Eat: Chunk             |    19 |     7 |    35 |    14 ||    75
       Fruit             |       |       |       |     3 ||     3
Armor: Robe              |    31 |    21 |   138 |    94 ||   284
Dodge: Dodged            |    33 |    42 |   165 |   140 ||   380
Block: Other             |       |       |    12 |    18 ||    30
       Reflection        |       |       |     5 |     2 ||     7
